 Dungeon Crawl Stone Soup version 0.29-a0-341-g24ffce5b50 (webtiles) character file.

Game seed: 1726564459790796601

154 spaghetti the Grave Robber (level 4, -5/36 HPs)
             Began as a Demigod Hunter on Apr 20, 2022.
             Slain by Ijyb
             ... wielding a +1 dagger of venom
              (6 damage)
             ... on level 3 of the Dungeon.
             The game lasted 00:03:43 (2302 turns).

spaghetti the Grave Robber (Demigod Hunter)         Turns: 2302, Time: 00:03:43

Health: -5/36      AC:  3    Str: 10    XL:     4   Next: 89%
Magic:  7/7        EV: 12    Int: 15    God:
Gold:   110        SH:  0    Dex: 19    Spells: 4/4 levels left

rFire   . . .      SeeInvis .   a - +2 hunting sling {sling}
rCold   . . .      Faith    .   (no shield)
rNeg    . . .      Spirit   .   b - +0 leather armour
rPois   .          Reflect  .   (no helmet)
rElec   .          Harm     .   (no cloak)
rCorr   .          Rampage  .   (no gloves)
Will    .....                   (no boots)
Stlth   ++........              (no amulet)
HPRegen 0.12/turn               (no ring)
MPRegen 0.10/turn               (no ring)

@: lethally poisoned (-5 -> -10), attractive
A: high MP 1, forlorn, divine attributes, agile 1, weak 1
a: no special abilities


You were on level 3 of the Dungeon.
You visited 1 branch of the dungeon, and saw 3 of its levels.

You collected 110 gold pieces.


Innate Abilities, Weirdness & Mutations

You have an increased reservoir of magic. (+10% MP)
You shall have no god before yourself.
Your divine heritage dramatically boosts your attributes as you level up.
You are agile. (Dex +2)
You are weak. (Str -2)


   Skills:
 + Level 1.7 Fighting
 - Level 3.6 Slings
 - Level 1.7 Dodging
 - Level 0.8 Stealth
 - Level 0.5 Spellcasting
 - Level 4.3 Necromancy


You had 4 spell levels left.
You didn't know any spells.
Your spell library contained the following spells:

 Spells                   Type           Power      Damage    Failure   Level
 Corpse Rot               Necr/Air       12%        N/A       22%         2
 Dispel Undead            Necr           13%        3d9       52%         4
 Death Channel            Necr           6%         N/A       100%        6

Inventory:

Hand Weapons
 a - a +2 hunting sling (weapon) {sling}
Missiles
 i - a throwing net {=f!fthrowing}
 j - 6 boomerangs {throwing}
 k - 17 stones {throwing}
Armour
 b - a +0 leather armour (worn)
Jewellery
 e - a ring of wizardry
   (You found it on level 1 of the Dungeon)
 m - a ring of flight
   (You found it on level 2 of the Dungeon)
Scrolls
 c - a scroll of immolation {!r!r}
 f - 2 scrolls of identify {@r1}
 h - 2 scrolls of teleportation {@r4}

Dungeon Overview and Level Annotations

Branches:
Dungeon (3/15)

Annotations:
D:2 exclusion: door
D:3 Ijyb

... #... # #.# #..# #.#.# #..#
##### ##.#.# ###
#..###...###....## #.. . #####
#..##.....#.# #..## #.. ... ...#
#..##.......# #...###..
.....##.###..##.....#.###......>.
#......ยง....ยงg@.........#####.<
#.[....####.###..####.#.## #..
...$....# #.# #..# ##.## #..
#........ #.###..#####.# ###
#...(...# #............#
........# #####.###...##
#.......# #.###...#### ........#
#..........# #............


You could see Ijyb.


Message History

MASSIVE DAMAGE!! (PAUSE) Fire: a) +2 hunting sling {sling}
Press: ? - help, Q - select action, (/) - cycle Shift-Dir - straight line, f/p - Ijyb
Aim: Ijyb, wielding a +1 dagger of venom, wearing a +0 leather armour and carrying a wand of charming (2) (almost dead, 55% to hit)
You shoot a sling bullet. The sling bullet barely misses Ijyb.
You feel sick. Ijyb barely misses you. ๐Ÿ˜ฑ HP[-2]
You take 2 damage, and now have 8/36 hp.
Fire: a) +2 hunting sling {sling}
Press: ? - help, Q - select action, (/) - cycle Shift-Dir - straight line, f/p - Ijyb
Aim: Ijyb, wielding a +1 dagger of venom, wearing a +0 leather armour and carrying a wand of charming (2) (almost dead, 55% to hit)
You shoot a sling bullet.
The sling bullet hits Ijyb but does no damage.
You feel sick.
Ijyb zaps a wand.
You resist with some effort.
Ijyb zaps a wand.
You resist with some effort.
The now-empty wand crumbles to dust. ๐Ÿ˜ฑ HP[-1]
You take 1 damage, and now have 7/36 hp.
No previous command to re-do.
Fire: a) +2 hunting sling {sling}
Press: ? - help, Q - select action, (/) - cycle Shift-Dir - straight line, f/p - Ijyb
Aim: Ijyb, wielding a +1 dagger of venom and wearing a +0 leather armour (almost dead, 55% to hit)
You shoot a sling bullet. The sling bullet closely misses Ijyb.
You feel sick.
Ijyb hits you with a +1 dagger of venom.
* * * LOW HITPOINT WARNING * * *
๐Ÿ˜ฑ HP[-4]
You take 4 damage, and now have 3/36 hp.
You feel much better.
You feel sick.
Ijyb completely misses you. ๐Ÿ˜ฎ HP[+21]
You regained 21 hp, and now have 24/36 hp.
Fire: a) +2 hunting sling {sling}
Press: ? - help, Q - select action, (/) - cycle Shift-Dir - straight line, f/p - Ijyb
Aim: Ijyb, wielding a +1 dagger of venom and wearing a +0 leather armour (almost dead, 55% to hit)
You shoot a sling bullet. The sling bullet closely misses Ijyb.
You feel sick.
You are no longer poisoned.
Ijyb hits you with a +1 dagger of venom.
You are poisoned.
Ijyb hits you with a +1 dagger of venom.
* * * LOW HITPOINT WARNING * * *
๐Ÿ˜จ HP[-6]
You take 6 damage, and now have 18/36 hp.
You are seriously poisoned (18 -> 6).
You attract monsters toward you.
Your movement speed is average.
Your attack delay is about 1.3.
Your base attributes are Str 12, Int 15, Dex 17.
Fire: a) +2 hunting sling {sling}
Press: ? - help, Q - select action, (/) - cycle Shift-Dir - straight line, f/p - Ijyb
Aim: Ijyb, wielding a +1 dagger of venom and wearing a +0 leather armour (almost dead, 55% to hit)
You shoot a sling bullet. The sling bullet barely misses Ijyb.
You feel very sick. Ijyb barely misses you. ๐Ÿ˜จ HP[-4]
You take 4 damage, and now have 14/36 hp.
Fire: a) +2 hunting sling {sling}
Press: ? - help, Q - select action, (/) - cycle Shift-Dir - straight line, f/p - Ijyb
Aim: Ijyb, wielding a +1 dagger of venom and wearing a +0 leather armour (almost dead, 55% to hit)
You shoot a sling bullet. The sling bullet barely misses Ijyb.
You feel very sick.
Ijyb hits you with a +1 dagger of venom.
* * * LOW HITPOINT WARNING * * *
You are lethally poisoned! ๐Ÿ˜ฑ HP[-5]
You take 5 damage, and now have 9/36 hp.
Unknown command.
You are lethally poisoned (9 -> -4).
You attract monsters toward you.
Your movement speed is average.
Your attack delay is about 1.3.
Your base attributes are Str 12, Int 15, Dex 17.
You aren't carrying any potions.
Okay, then.
Blink to where?
Press: ? - help, Dir - move target, p - Ijyb
As you read the scroll labelled XIC GIHAUSOVI, it crumbles to dust.
It was a scroll of blinking.
* * * LOW HITPOINT WARNING * * *
You feel very sick.
Ijyb is attracted toward you. ๐Ÿ˜ฑ HP[-3]
You take 3 damage, and now have 6/36 hp.
Fire: a) +2 hunting sling {sling}
Press: ? - help, Q - select action, (/) - cycle Shift-Dir - straight line, f - Ijyb
Aim: Ijyb, wielding a +1 dagger of venom and wearing a +0 leather armour (almost dead, 55% to hit)
You shoot a sling bullet.
The sling bullet hits Ijyb but does no damage.
* * * LOW HITPOINT WARNING * * *
You feel very sick.
Ijyb is attracted toward you. ๐Ÿ˜ฑ HP[-3]
You take 3 damage, and now have 3/36 hp.
Fire: a) +2 hunting sling {sling}
Press: ? - help, Q - select action, (/) - cycle Shift-Dir - straight line, f/p - Ijyb
Aim: Ijyb, wielding a +1 dagger of venom and wearing a +0 leather armour (almost dead, 55% to hit)
You shoot a sling bullet. The sling bullet closely misses Ijyb.
* * * LOW HITPOINT WARNING * * *
You feel sick.
Ijyb hits you with a +1 dagger of venom.
You die...

Skill      XL: |  1  2  3  4 |
---------------+-------------+-----
Necromancy     | 1 2 3 4 |  4.3
Fighting       | |  1.7
Slings         | |  3.6
Dodging        | |  1.7
Stealth        | |  0.8
Spellcasting   | |  0.5

Action                   |  1- 3 |  4- 6 || total
-------------------------+-------+-------++-------
 Fire: Hunting sling     |    90 |    66 ||   156
  Use: Scroll            |     4 |     1 ||     5
       Potion            |     3 |     6 ||     9
Armor: Leather armour    |     8 |     2 ||    10
Dodge: Dodged            |    23 |    10 ||    33

Levels and vault maps discovered:
D:1:      scummos_arrival_checkerplants, layout_loops_ring,
          minmay_misc_feat_hallway, minmay_misc_feat_iff
D:2:      layout_basic
D:3:      layout_loops_ring, hellmonk_ecumenical_altar_zigzags,
          portal_sewer_entry_a, uniq_ijyb, uniq_jessica, uniq_natasha

Notes
Turn   | Place    | Note
-------+----------+-------------------------------------------
     0 | D:1      | spaghetti the Demigod Hunter began the quest for the Orb.
     0 | D:1      | Reached XP level 1. HP: 17/17 MP: 3/3
     0 | D:1      | magus.rc [v1.9.6]
    27 | D:1      | You pick up a book of Decay and begin reading...
    27 | D:1      | You add the spells Corpse Rot, Dispel Undead and Death
                  | Channel to your library.
   175 | D:1      | Reached skill level 1 in Necromancy
   381 | D:1      | Reached XP level 2. HP: 24/24 MP: 5/5
   846 | D:2      | Reached skill level 2 in Necromancy
   887 | D:2      | Reached XP level 3. HP: 16/29 MP: 6/6
  1160 | D:2      | Reached skill level 3 in Necromancy
  1192 | D:2      | Gained mutation: Your spells are a little easier to cast,
                  | but a little less powerful. [potion of mutation]
  1192 | D:2      | Gained mutation: You are occasionally teleported next to
                  | monsters. [potion of mutation]
  1192 | D:2      | Gained mutation: You are robust. (+10% HP) [potion of
                  | mutation]
  1192 | D:2      | HP: 3/31 [gnoll/+0 flail (5)]
  1199 | D:2      | HP: 5/31 [gnoll/+0 flail (8)]
  1201 | D:2      | Reached XP level 4. HP: 6/39 MP: 7/7
  1685 | D:2      | Reached skill level 4 in Necromancy
  2271 | D:3      | Lost mutation: You are robust. (+10% HP) [potion of
                  | mutation]
  2271 | D:3      | Lost mutation: You are occasionally teleported next to
                  | monsters. [potion of mutation]
  2271 | D:3      | Lost mutation: Your spells are a little easier to cast, but
                  | a little less powerful. [potion of mutation]
  2271 | D:3      | Gained mutation: You are weak. (Str -2) [potion of
                  | mutation]
  2271 | D:3      | Gained mutation: You are agile. (Dex +2) [potion of
                  | mutation]
  2273 | D:3      | Noticed Ijyb
  2293 | D:3      | HP: 8/36 [poisoned by Ijyb]
  2295 | D:3      | HP: 3/36 [Ijyb/+1 dagger of venom (3)]
  2300 | D:3      | HP: 6/36 [poisoned by Ijyb]
  2302 | D:3      | HP: 1/36 [poisoned by Ijyb]
  2302 | D:3      | Slain by Ijyb

Vanquished Creatures
  7 gnolls (D:2)
  5 adders (D:2)
  A worm (D:2)
  2 ball pythons
  3 endoplasms
  A giant cockroach (D:2)
  6 goblins
  3 hobgoblins (D:1)
  2 quokkas (D:2)
  3 bats
  3 frilled lizards
  3 kobolds
  5 rats
44 creatures vanquished.

Table legend:
 A = Non-vault XP
 B = Vault XP
 C = Vault XP percentage of total XP
 D = Non-vault monster count
 E = Vault monster count
 F = Vault count percentage of total count
                 A         B        C        D         E       F
            +---------+---------+-------+---------+---------+-------
      Total |     221 |       0 |   0.0 |      44 |       0 |   0.0
            +---------+---------+-------+---------+---------+-------
        D:1 |      20 |       0 |   0.0 |      13 |       0 |   0.0
        D:2 |     198 |       0 |   0.0 |      29 |       0 |   0.0
        D:3 |       3 |       0 |   0.0 |       2 |       0 |   0.0
            +---------+---------+-------+---------+---------+-------

Illustrated notes

Table legend:
 A = Kills in this place as a percentage of kills in entire the game.
 B = Kills by you in this place as a percentage of kills by you in the entire game.
 C = Kills by friends in this place as a percentage of kills by friends in the entire game.
 D = Other kills in this place as a percentage of other kills in the entire game.
 E = Experience gained in this place as a percentage of experience gained in the entire game.
 F = Experience gained in this place divided by the number of levels of this place that you have seen.
                   A       B       C       D       E      F
               +-------+-------+-------+-------+-------+----------------------
         Total | 100.0 | 100.0 |   N/A |   N/A | 100.0 |  73.7
       Dungeon | 100.0 | 100.0 |   N/A |   N/A | 100.0 |  73.7
               +-------+-------+-------+-------+-------+----------------------

Table legend: (Time is in decaauts)
 A = Elapsed time spent in this place.
 B = Non-inter-level travel time spent in this place.
 C = Inter-level travel time spent in this place.
 D = Time resting spent in this place.
 E = Time spent auto-exploring this place.
 F = Levels seen in this place.
 G = Mean time per level.
                   A        B        C        D        E       F      G
               +--------+--------+--------+--------+--------+-----+--------+
         Total |   2358 |   2331 |     27 |    388 |   1634 |   3 |  786.0 |
       Dungeon |   2358 |   2331 |     27 |    388 |   1634 |   3 |  786.0 |
               +--------+--------+--------+--------+--------+-----+--------+

Top non-repeatable levels by time:
     D:2: 1488 daAuts
     D:1: 784 daAuts
     D:3: 84 daAuts
